 Dungeon Crawl Stone Soup version 0.24-b1-44-g37ad8b309f (webtiles) character file.

Game seed: 1207924634460933120, levelgen mode: deterministic

412 Emblim88 the Ruffian (level 6, -7/61 HPs)
             Began as a Troll Monk on Oct 23, 2019.
             Mangled by a soul eater (15 damage)
             ... summoned by the scythe of Curses
             ... on level 4 of the Dungeon.
             The game lasted 00:03:01 (1893 turns).

Emblim88 the Ruffian (Troll Monk)                   Turns: 1893, Time: 00:03:01

Health: -7/61      AC:  6    Str: 21    XL:     6   Next: 59%
Magic:  5/5        EV: 11    Int:  6    God:
Gold:   129        SH:  0    Dex: 13    Spells: 5/5 levels left

rFire    . . .     SeeInvis .   o - +13 scythe of Curses {drain, *Curse} (curse)
rCold    . . .     Gourm    +   (shield currently unavailable)
rNeg     . . .     Faith    .   a - +0 robe
rPois    .         Spirit   .   (helmet restricted)
rElec    .         Reflect  .   (no cloak)
rCorr    .         Harm     .   (gloves unavailable)
MR       .....                  (boots unavailable)
Stlth    +.........             (no amulet)
HPRegen  0.60/turn              e - +3 ring of slaying
MPRegen  0.09/turn              (no ring)

@: lightly drained
A: large, unfitting armour, claws 3, fast metabolism 3, gourmand, regeneration
1, shaggy fur 1, tough skin 3
a: no special abilities


You were on level 4 of the Dungeon.
You were very full.

You visited 1 branch of the dungeon, and saw 4 of its levels.

You collected 129 gold pieces.

Inventory:

Hand Weapons
 o - the cursed +13 scythe of Curses (weapon) {drain, *Curse}
   (You found it on level 4 of the Dungeon)

   A truly terrible weapon, it drains the life of those it strikes.
   It curses itself when equipped.
   It has a curse placed upon it.
Armour
 a - a +0 robe (worn)
Jewellery
 e - a +3 ring of slaying (left claw)
Wands
 l - a wand of polymorph (7)
Scrolls
 d - 2 scrolls of blinking {unknown}
 f - 2 scrolls of fog {unknown}
 g - 3 scrolls of identify {unknown}
 i - a scroll of remove curse {unknown}
 j - a scroll of fear {unknown}
 k - a scroll of teleportation {unknown}
Potions
 c - a potion of haste {unknown}
 h - a potion of mutation {unknown}
 m - a potion of curing {unknown}
Comestibles
 b - 4 rations
 n - 4 chunks of flesh


   Skills:
 + Level 3.6(3.2) Fighting
 + Level 3.6(3.3) Dodging
 - Level 1.0(0.7) Stealth
 * Level 5.5(5.2) Unarmed Combat
 * Level 1.0(0.6) Evocations


You had 5 spell levels left.
You didn't know any spells.
Your spell library was empty.

Dungeon Overview and Level Annotations

Branches:
Dungeon (4/15)
 Temple: D:4-7

Altars:

Annotations:
D:3 3 runed translucent doors, GordonOverkill's ghost, amateur GrBe


Innate Abilities, Weirdness & Mutations

You are too large for most types of armour.
You have claws for hands.
Your metabolism is lightning-fast.
You like to eat raw meat.
Your natural rate of healing is unusually fast.
You are covered in fur. (AC +1)
You have extremely tough skin. (AC +3)


Message History

You are no longer poisoned.
The soul eater hits you!
You feel drained. The soul eater completely misses you.
You slash the soul eater!
The soul eater is moderately wounded.
The soul eater closely misses you. The soul eater misses you.
You barely miss the soul eater.
The soul eater is moderately wounded.
The soul eater hits you! The soul eater barely misses you.
You closely miss the soul eater.
The soul eater is moderately wounded.
The soul eater hits you!
* * * LOW HITPOINT WARNING * * *
The soul eater barely misses you.
You closely miss the soul eater.
The soul eater is moderately wounded.
The soul eater hits you!
* * * LOW HITPOINT WARNING * * *
The soul eater hits you!
You die...

.## ...### .. ....####
#.. #......###.. ##
##.......... ...
###.........## #...
##............#
.....#####...†.........##
............)##.@3÷.....#
.......<....####........#
....#####.....##........#
. #.#....#........#
#.##............#
#..###.........## #..
##....†..## #..#
###.....# #... ##.....#


You could see a soul eater.

Vanquished Creatures
  Sigmund (D:3)
  A bullfrog skeleton (D:2)
  2 worker ants (D:4)
  5 gnolls
  5 adders
  A worm (D:3)
  3 dart slugs
  4 leopard geckos
  4 giant cockroaches (D:2)
  6 goblins
  17 hobgoblins
  5 jackals
  2 ball pythons
  14 bats
  2 frilled lizards
  8 kobolds
  6 rats
86 creatures vanquished.

Notes
Turn   | Place    | Note
-------+----------+-------------------------------------------
     0 | D:1      | Emblim88 the Troll Monk began the quest for the Orb.
     0 | D:1      | Reached XP level 1. HP: 22/22 MP: 0/0
    65 | D:1      | Reached XP level 2. HP: 29/29 MP: 1/1
   450 | D:1      | Reached XP level 3. HP: 36/36 MP: 2/2
   834 | D:2      | Reached skill level 4 in Unarmed Combat
   941 | D:2      | Reached XP level 4. HP: 27/44 MP: 3/3
  1168 | D:2      | Reached XP level 5. HP: 50/53 MP: 4/4
  1206 | D:2      | Noticed Sigmund
  1346 | D:3      | Killed Sigmund
  1346 | D:3      | Reached skill level 5 in Unarmed Combat
  1346 | D:3      | Reached XP level 6. HP: 49/61 MP: 5/5
  1609 | D:3      | Found a runed translucent gate.
  1609 | D:3      | Found a runed translucent gate.
  1609 | D:3      | Found a runed translucent gate.
  1609 | D:3      | Noticed GordonOverkill's ghost (amateur GrBe)
  1859 | D:4      | Found the cursed +13 scythe of Curses {drain, *Curse}
  1874 | D:4      | Reached skill level 1 in Evocations
  1887 | D:4      | Noticed a soul eater
  1893 | D:4      | Mangled by a soul eater

Skill      XL: |  1  2  3  4  5  6 |
---------------+-------------------+-----
Unarmed Combat | 4 5 |  5.5
Fighting       | 3 |  3.6
Dodging        | 3 |  3.6
Evocations     | 1 |  1.0
Stealth        | |  1.0

Action                   |  1- 3 |  4- 6 || total
-------------------------+-------+-------++-------
Melee: Unarmed           |    86 |    77 ||   163
       Punch             |       |     5 ||     5
       Scythe            |       |     6 ||     6
 Stab: Sleeping          |     3 |     1 ||     4
  Eat: Chunk             |     6 |    13 ||    19
       Ration            |     1 |       ||     1
Armor: Robe              |    29 |    29 ||    58
Dodge: Dodged            |    42 |    49 ||    91
